 Dungeon Crawl Stone Soup version 0.27.0-1-g7a089689b8 (webtiles) character file.

Game seed: 10287707961889184582

36 Thatpatchoflichen the Ogre Mage (level 3, -2/36 HPs)
             Began as an Ogre Hedge Wizard on Aug 7, 2021.
             Slain by an orc (5 damage)
             ... on level 3 of the Dungeon.
             The game lasted 00:03:01 (1512 turns).

Thatpatchoflichen the Ogre Mage (Ogre Hedge Wizard) Turns: 1512, Time: 00:03:02

Health: -2/36      AC:  3    Str: 14    XL:     3   Next: 37%
Magic:  8/8        EV:  9    Int: 16    God:
Gold:   16         SH:  0    Dex:  8    Spells: 9/10 levels left

rFire    . . .     SeeInvis .   h - +2 dagger (holy)
rCold    . . .     Faith    .   (no shield)
rNeg     . . .     Spirit   .   b - +0 robe
rPois    .         Reflect  .   c - +0 hat
rElec    .         Harm     .   (no cloak)
rCorr    .         Rampage  .   (gloves unavailable)
Will     .....                  (boots unavailable)
Stlth    +.........             (no amulet)
HPRegen  0.12/turn              (no ring)
MPRegen  0.11/turn              (no ring)

@: no status effects
A: large, unfitting armour, tough skin 1
a: no special abilities


You were on level 3 of the Dungeon.
You visited 1 branch of the dungeon, and saw 3 of its levels.

You collected 16 gold pieces.

Inventory:

Hand Weapons
 a - a +0 dagger
 h - a +2 dagger of holy wrath (weapon)
 l - a +0 whip
Armour
 b - a +0 robe (worn)
 c - a +0 hat (worn)
Scrolls
 d - 2 scrolls of identify {unknown}
 e - a scroll of immolation {unknown}
 g - a scroll of teleportation {unknown}
 j - 3 scrolls of enchant weapon {unknown}
 k - a scroll of amnesia {unknown}
 m - a scroll of acquirement {unknown}
Potions
 f - 3 potions of attraction {unknown}
 i - 2 potions of lignification {unknown}


   Skills:
 + Level 2.6 Fighting
 - Level 1.7 Dodging
 - Level 1.4 Stealth
 + Level 4.4 Spellcasting
 - Level 0.8 Conjurations
 - Level 0.8 Summonings
 - Level 0.8 Translocations


You had 9 spell levels left.
You knew the following spells:

 Your Spells              Type           Power      Damage    Failure   Level
a - Magic Dart            Conj           24%        1d4       12%         1

Your spell library contained the following spells:

 Spells                   Type           Power      Damage    Failure   Level
 Blink                    Tloc           N/A        N/A       17%         2
 Call Imp                 Summ           6%         N/A       17%         2
 Slow                     Hex            3%         N/A       24%         2
 Call Canine Familiar     Summ           6%         N/A       34%         3
 Conjure Flame            Conj/Fire      4%         6-21      38%         3
 Portal Projectile        Hex/Tloc       8%         N/A       38%         3
 Mephitic Cloud           Conj/Pois/Air  4%         N/A       41%         3
 Leda's Liquefaction      Hex/Erth       1%         N/A       85%         4


Dungeon Overview and Level Annotations

Branches:
Dungeon (3/15)

Altars:


Innate Abilities, Weirdness & Mutations

You are too large for most types of armour.
You have tough skin. (AC +1)


Message History

The orc is moderately wounded.
The orc hits you with a +0 whip.
You hit the orc but do no damage.
The orc is moderately wounded.
The orc hits you with a +0 whip.
You hit the orc but do no damage.
The orc is moderately wounded.
You hear the slow rusting of a very distant drain.
The orc hits you but does no damage.
You completely miss the orc.
The orc is moderately wounded.
The orc barely misses you.
You closely miss the orc.
The orc is moderately wounded.
The orc hits you with a +0 whip.
You hit the orc.
The orc is severely wounded.
The orc barely misses you.
You hit the orc but do no damage.
The orc is severely wounded.
The orc hits you with a +0 whip.
You hit the orc but do no damage.
The orc is severely wounded.
The orc hits you with a +0 whip.
* * * LOW HITPOINT WARNING * * *
You hit the orc but do no damage.
The orc is severely wounded.
The orc completely misses you.
You closely miss the orc.
The orc is severely wounded.
The orc hits you with a +0 whip.
* * * LOW HITPOINT WARNING * * *
You barely miss the orc.
The orc is severely wounded.
The orc hits you with a +0 whip.
* * * LOW HITPOINT WARNING * * *
You hit the orc but do no damage.
The orc is severely wounded.
The orc hits you with a +0 whip.
You die...

#.....#..#
###.#########
###..[...#
#.# ######.#
#.# #.# #.#
#.# #.# #.#
#.#
#.##########.
#....@o......
#############


You could see an orc.

Vanquished Creatures
  5 dart slugs
  2 bats (D:1)
  A hobgoblin (D:3)
  5 jackals
  5 kobolds
  A quokka (D:1)
  3 ball pythons (D:1)
  A frilled lizard (D:1)
  2 rats
25 creatures vanquished.

Notes
Turn   | Place    | Note
-------+----------+-------------------------------------------
     0 | D:1      | Thatpatchoflichen the Ogre Hedge Wizard began the quest for
                  | the Orb.
     0 | D:1      | Reached XP level 1. HP: 16/16 MP: 5/5
   136 | D:1      | Reached skill level 1 in Fighting
   254 | D:1      | Reached XP level 2. HP: 17/27 MP: 1/6
   395 | D:1      | Reached skill level 4 in Spellcasting
   927 | D:1      | Reached XP level 3. HP: 33/35 MP: 8/8
  1512 | D:3      | Slain by an orc

Illustrated notes

Levels and vault maps discovered:
D:1:      dpeg_arrival_rhombus, layout_loops_ring
D:2:      layout_basic, shapermc_ecumenical_altar_rom_forum
D:3:      layout_basic, portal_sewer_entry_d, chequers_serial_rivers_marsh,
          uniq_grinder

Skill      XL: |  1  2 |
---------------+-------+-----
Fighting       | 1 2 |  2.6
Spellcasting   | 4 |  4.4
Dodging        | |  1.7
Stealth        | |  1.4
Conjurations   | |  0.8
Summonings     | |  0.8
Translocations | |  0.8

Action                   || total
-------------------------++-------
Melee: Dagger            ||    93
 Cast: Magic Dart        ||    27
 Stab: Sleeping          ||     2
Armor: Robe              ||    30
Dodge: Dodged            ||    55
